 Dungeon Crawl Stone Soup version 0.30-b1-2-g02819fbbbe (webtiles) character file.

Game seed: 9044193005492637901

121097 DavidChitty2 the Severer (level 16, -4/138 (152) HPs)
             Began as a Minotaur Fighter on May 9, 2023.
             Was the Champion of Okawaru.
             Slain by a redback (8 damage)
             ... on level 2 of the Spider Nest.
             The game lasted 00:42:55 (29241 turns).

DavidChitty2 the Severer (Minotaur Fighter)        Turns: 29241, Time: 00:42:56

HP:   -4/138 (152)  AC: 17    Str: 27    XL:     16   Next: 31%
MP:   24/24         EV:  5    Int:  5    God:    Okawaru [******]
Gold: 3696          SH: 36    Dex: 12    Spells: 15/15 levels left

rFire   . . .        a - +2 broad axe (freeze)
rCold   . . .        r - +18 shield of the Gong {Loud rN+ Will+ rCorr EV-5}
rNeg    + . .        U - +0 ring mail {rPois}
rPois   +            S - +2 hat
rElec   .            g - +1 cloak
rCorr   +            (no gloves)
SInv    +            T - +2 pair of boots {rampage}
Will    ++...        f - amulet of reflection
Stlth   +            z - ring of see invisible
HPRegen 0.43/turn    p - +4 ring of slaying
MPRegen 0.19/turn

%: reflection, rampage
@: studying Armour, drained
A: horns 2, retaliatory headbutt
a: Renounce Religion, Heroism, Finesse, Duel


You were on level 2 of the Spider Nest.
You worshipped Okawaru.
Okawaru was exalted by your worship.
You visited 5 branches of the dungeon, and saw 25 of its levels.
You also visited: Bailey.

You collected 4102 gold pieces.
You spent 406 gold pieces at shops.

Inventory:

Hand Weapons
 a - a +2 broad axe of freezing (weapon)
   (Okawaru gifted it to you on level 14 of the Dungeon)
 b - a +0 antimagic hand crossbow
   (Okawaru gifted it to you on level 12 of the Dungeon)
 w - a +1 war axe of flaming
Missiles
 n - 6 throwing nets (quivered) {!f}
Armour
 g - a +1 cloak (worn)
   (You found it on level 1 of the Dungeon)
 r - the +18 shield of the Gong (worn) {Loud rN+ Will+ rCorr EV-5}
   (You found it on level 7 of the Dungeon)

   Loud:      It is deafeningly noisy when blocking attacks.
   EV:        It affects your evasion (-5).
   rN:        It protects you from negative energy.
   rCorr:     It protects you from acid and corrosion.
   Will:      It increases your willpower.
 I - a +0 plate armour
   (You took it off an orc warrior on level 9 of the Dungeon)
 R - a +1 pair of boots
   (You found it on level 13 of the Dungeon)
 S - a +2 hat (worn)
   (You bought it in a shop on level 2 of the Orcish Mines)
 T - a +2 pair of boots of rampaging (worn)
   (You bought it in a shop on level 2 of the Orcish Mines)
 U - a +0 ring mail of poison resistance (worn)
   (You found it on level 5 of the Lair of Beasts)
Jewellery
 f - an amulet of reflection (around neck)
   (You found it on level 1 of the Dungeon)
 p - a +4 ring of slaying (right hand)
   (You found it on level 2 of the Dungeon)
 u - a ring of protection from cold
   (You found it on level 3 of the Dungeon)
 z - a ring of see invisible (left hand)
   (You found it on level 4 of the Dungeon)
 G - a ring of willpower
   (You found it on level 8 of the Dungeon)
 K - a ring of flight
   (You took it off a gnoll in a bailey)
 N - a ring of fire
   (You found it on level 4 of the Lair of Beasts)
Wands
 d - a wand of iceblast (9)
   (You found it on level 4 of the Lair of Beasts)
 j - a wand of quicksilver (9)
   (You found it on level 9 of the Dungeon)
 t - a wand of flame (47)
   (You found it on level 5 of the Dungeon)
 v - a wand of digging (13)
   (You found it on level 1 of the Lair of Beasts)
 E - a wand of polymorph (17)
   (You found it on level 8 of the Dungeon)
 J - a wand of mindburst (12)
   (You took it off a kobold in a bailey)
Scrolls
 e - a scroll of enchant armour
 o - 12 scrolls of identify {@r1}
 q - 3 scrolls of enchant weapon
 B - a scroll of blinking
 C - 2 scrolls of teleportation {@r4}
 D - 3 scrolls of immolation {!r}
 F - 2 scrolls of brand weapon
 L - a scroll of fog
 O - 2 scrolls of fear
 Q - 4 scrolls of vulnerability {!r}
Potions
 c - 5 potions of attraction {!q}
 h - 2 potions of magic
 i - 6 potions of flight
 k - 2 potions of mutation {!q}
 l - 3 potions of haste {@q3}
 m - 14 potions of curing {@q1}
 s - 2 potions of ambrosia
 x - a potion of cancellation
 y - 4 potions of might
 A - 3 potions of brilliance
 H - a potion of lignification {!q}
 P - a potion of heal wounds {@q2}


   Skills:
 * Level 16.5 Fighting
 - Level 18.0 Axes
 + Level 16.4 Armour
 - Level 0.2 Stealth
 + Level 15.3 Shields
 * Level 12.7 Invocations


You had 15 spell levels left.
You didn't know any spells.
Your spell library contained the following spells:

 Spells                   Type           Power      Damage    Failure   Level
 Beastly Appendage        Tmut           0%         N/A       69%         1
 Magic Dart               Conj           0%         1d3       69%         1
 Sandblast                Erth           0%         2d4       69%         1
 Ensorcelled Hibernation  Hex/Ice        0%         N/A       83%         2
 Momentum Strike          Conj/Tloc      0%         3d8       83%         2
 Passwall                 Tmut/Erth      0%         N/A       83%         2
 Searing Ray              Conj           0%         2d4       83%         2
 Wereblood                Tmut           0%         N/A       83%         2
 Mephitic Cloud           Conj/Pois/Air  0%         N/A       96%         3
 Portal Projectile        Hex/Tloc       0%         N/A       96%         3
 Spider Form              Tmut/Pois      0%         N/A       96%         3
 Stone Arrow              Conj/Erth      0%         3d7       96%         3
 Vhi's Electric Charge    Tloc/Air       0%         N/A       96%         3
 Airstrike                Air            0%         2d(0-16)  100%        4
 Anguish                  Hex/Necr       0%         N/A       100%        4
 Fulminant Prism          Conj/Hex       0%         3d5       100%        4
 Leda's Liquefaction      Hex/Erth       0%         N/A       100%        4
 Alistair's Intoxication  Tmut/Pois      0%         N/A       100%        5
 Arcjolt                  Conj/Air       0%         1d10      100%        5
 Blade Hands              Tmut           0%         N/A       100%        5
 Borgnjor's Vile Clutch   Necr/Erth      0%         N/A       100%        5
 Lee's Rapid Deconstruct  Erth           0%         3d4*      100%        5
 Eringya's Noxious Bog    Tmut/Pois      0%         N/A       100%        6
 Plasma Beam              Fire/Air       0%         2x1d11    100%        6
 Statue Form              Tmut/Erth      0%         N/A       100%        6
 Ozocubu's Refrigeration  Ice            0%         4d7       100%        7
 Storm Form               Tmut/Air       0%         N/A       100%        7
 Discord                  Hex            0%         N/A       100%        8
 Polar Vortex             Ice            0%         N/A       100%        9
 Call Canine Familiar     Summ           Unusable   N/A       N/A         3
 Tukima's Dance           Hex            Unusable   N/A       N/A         3
 Simulacrum               Ice/Necr       Unusable   N/A       N/A         6

Dungeon Overview and Level Annotations

Branches:
Dungeon (15/15)            Temple (1/1) D:4            Lair (5/5) D:8
 Shoals (0/4) Lair:3       Spider (2/4) Lair:3        Slime (0/5) Lair:4
    Orc (2/2) D:10            Elf (0/3) Orc:2        Vaults (0/5) D:13
 Depths (0/4) D:15         Bailey (visited)

Altars:
Ashenzari
Cheibriados
Dithmenos
Elyvilon
Fedhas
Gozag
Hepliaklqana
Kikubaaqudgha
Makhleb
Nemelex Xobeh
Okawaru
Qazlal
Ru
Sif Muna
Trog
Uskayaw
Vehumet
Wu Jian
Xom
Yredelemnul
Zin
The Shining One

Shops:
D:10 [   D:11 (   D:12 :   Orc:2 ([:!

Portals:
Trove: D:15 (give +6 fire dragon scales)

Annotations:
D:13 1 runed translucent door
Spider:2 Arachne


Innate Abilities, Weirdness & Mutations

You have a pair of horns on your head.
You reflexively headbutt those who attack you in melee.


Message History

Arachne drinks a potion.
Arachne seems to speed up.
The pharaoh ant bites you!
* * * LOW HITPOINT WARNING * * *
You block the jumping spider's attack.
GONNNNG!
You block the jumping spider's attack.
BONNNG!
You block the redback's attack.
BOUMMMMG!
The pharaoh ant bites you.
* * * LOW HITPOINT WARNING * * *
You partially resist.
You feel drained.
You hear a faint skittering sound.
Okay, then.
You barely miss the pharaoh ant. You slash the jumping spider!
You freeze the jumping spider. You hit the pharaoh ant.
You freeze the pharaoh ant. You slash the redback! You freeze the redback!
You slash the wolf spider! You freeze the wolf spider!
You completely miss the redback. You block the wolf spider's attack.
GONNNNG!
The wolf spider bites you but does no damage.
You block the redback's attack.
GONNNNG!
The redback bites you!
* * * LOW HITPOINT WARNING * * *
The pharaoh ant bites you!!
* * * LOW HITPOINT WARNING * * *
Okay, then.
Okay, then.
You feel much better. You block the wolf spider's attack.
GONNNNG!
You block the wolf spider's attack.
SHROANNG!
The redback bites you!
* * * LOW HITPOINT WARNING * * *
You block the pharaoh ant's attack.
SHROANNG!
You block the redback's attack.
BOUMMMMG!
The jumping spider leaps!
The culicivora bites you!
* * * LOW HITPOINT WARNING * * *
The culicivora draws strength from your injuries!
The pharaoh ant bites you!!
* * * LOW HITPOINT WARNING * * *
You partially resist.
You feel drained.
* * * LOW HITPOINT WARNING * * *
You block the wolf spider's attack.
GONNNNG!
The wolf spider bites you but does no damage.
The redback bites you!
You die...

#. ....#.
#.##....#### .
#...#..#.. ..
.##...<...##...
.......H.......
........^......
...^..sBs....^#
#...ss@s......
#...sB###.....
#..... #..
#...#.. ..# #..
. ... .... ....


You could see Arachne (fast), a demonic crawler, a wolf spider, a culicivora, 2
pharaoh ants, a tarantella and 2 redbacks.

Vanquished Creatures
  Nikola (Arena)
  Jorgrun (D:12)
  A ghost moth (shapeshifter) (D:13)
  2 emperor scorpions (Spider:1)
  2 dire elephants (Lair:5)
  Nessos (D:15)
  An entropy weaver (Spider:1)
  Harold (D:9)
  5 ogre magi
  5 hydras
  A catoblepas (Lair:5)
  8 centaur warriors
  3 tengu warriors (D:14)
  2 dancing weapons (D:13)
  2 boulder beetles
  11 two-headed ogres
  Erica (D:9)
  Urug (Lair:2)
  10 death yaks
  3 skysharks (Lair:3)
  A spark wasp zombie (D:15)
  12 skeletal warriors
  A flayed ghost (D:15)
  An orb spider (Spider:1)
  A steelbarb worm (Spider:1)
  5 deep elf pyromancers
  2 deep elf zephyrmancers (D:14)
  An iron dragon zombie (D:15)
  A wizard (D:14)
  3 orc knights
  A mana viper (shapeshifter) (D:13)
  A necromancer (D:15)
  A manticore (D:14)
  4 lindwurms
  13 orc sorcerers
  A stone giant zombie (D:15)
  An oklob plant (Lair:5)
  7 cyclopes
  8 ugly things
  Maurice (D:7)
  12 elephants
  Joseph (D:7)
  5 black mambas
  2 vault sentinels (D:7)
  18 slime creatures
  An ice statue (Lair:4)
  2 water nymphs (Lair:3)
  A torpor snail (Lair:3)
  15 cane toads
  A demonic crawler (Spider:1)
  8 rime drakes
  2 gargoyles
  An unseen horror (D:10)
  2 kobold demonologists
  An efreet (D:13)
  Psyche (D:7)
  Maggie (D:9)
  2 freezing wraiths
  10 komodo dragons
  2 guardian mummies (D:15)
  11 trolls
  6 polar bears
  A hornet (D:7)
  2 tarantellas (Spider:1)
  2 dream sheep (Lair:5)
  An ettin skeleton (D:15)
  18 blink frogs
  5 jumping spiders (Spider:1)
  A jumping spider (shapeshifter) (D:14)
  Sigmund (D:5)
  3 wraiths
  A yak (shapeshifter) (D:14)
  3 shadows
  A wyvern (D:9)
  4 basilisks
  26 yaks
  A basilisk (shapeshifter) (D:13)
  11 vampire mosquitoes
  13 redbacks
  2 acid dragons (D:11)
  3 wargs
  27 water moccasins
  A floating eye (shapeshifter) (D:14)
  2 sky beasts (D:7)
  18 orc warriors
  8 ogres
  7 ice beasts
  3 wolves (D:7)
  15 centaurs
  3 phantoms
  2 kobold brigands
  12 bullfrogs
  A gnoll sergeant (D:8)
  7 scorpions
  3 wights (D:7)
  19 killer bees
  3 electric eels
  11 howler monkeys
  A hound (D:5)
  7 orc priests
  A gnoll bouda (D:5)
  Crazy Yiuf (D:2)
  10 jellies
  2 iguanas (D:6)
  A sleepcap (D:5)
  32 orc wizards
  Robin (D:3)
  11 gnolls
  2 adders (D:4)
  A river rat (D:10)
  2 shadow imps
  3 white imps
  An ufetubus (D:4)
  2 dart slugs
  68 orcs
  9 ball pythons
  5 bats
  7 endoplasms
  3 giant cockroaches
  12 hobgoblins
  2 jackals (D:2)
  4 quokkas
  6 frilled lizards
  11 goblins
  28 kobolds
  11 rats
  A butterfly (D:4)
719 creatures vanquished.

Vanquished Creatures (others)
  A wizard (D:15)
  A human (D:9)
  A white imp (Lair:4)
  An orc (Orc:2)
  34 fungi
  60 plants
  15 withered plants
113 creatures vanquished.

Grand Total: 832 creatures vanquished

Notes
Turn   | Place    | Note
-------+----------+-------------------------------------------
     0 | D:1      | DavidChitty2 the Minotaur Fighter began the quest for the
                  | Orb.
     0 | D:1      | Reached XP level 1. HP: 19/19 MP: 0/0
   140 | D:1      | Reached XP level 2. HP: 27/27 MP: 1/1
   204 | D:1      | Reached skill level 3 in Axes
   727 | D:1      | Reached XP level 3. HP: 33/33 MP: 2/2
   926 | D:2      | Found a runed translucent door.
   927 | D:2      | Noticed Crazy Yiuf
  1745 | D:2      | Found a faded altar of an unknown god.
  2173 | D:3      | Noticed Robin
  2191 | D:3      | Reached skill level 4 in Axes
  2192 | D:3      | Killed Robin
  2193 | D:3      | Reached XP level 4. HP: 36/40 MP: 3/3
  2977 | D:4      | Noticed a scorpion
  2988 | D:4      | Killed a scorpion
  2989 | D:4      | Reached XP level 5. HP: 33/47 MP: 4/4
  3058 | D:4      | Reached skill level 5 in Axes
  3182 | D:4      | Reached XP level 6. HP: 54/55 MP: 5/5
  3280 | D:4      | Reached skill level 5 in Shields
  3306 | D:4      | Found a staircase to the Ecumenical Temple.
  3332 | Temple   | Entered the Ecumenical Temple
  3575 | Temple   | Became a worshipper of Warmaster Okawaru
  3703 | D:4      | Found a glowing golden altar of the Shining One.
  3921 | D:4      | Reached skill level 5 in Fighting
  4002 | D:5      | Entered Level 5 of the Dungeon
  4019 | D:5      | Reached skill level 6 in Axes
  4019 | D:5      | Reached skill level 5 in Armour
  4020 | D:5      | Reached skill level 1 in Invocations
  4020 | D:5      | Reached XP level 7. HP: 56/61 MP: 6/6
  4231 | D:5      | Noticed Sigmund
  4238 | D:5      | Killed Sigmund
  4238 | D:5      | Reached * piety under Okawaru
  4239 | D:5      | Reached skill level 7 in Axes
  4321 | D:2      | Killed Crazy Yiuf
  4555 | D:5      | Found a blossoming altar of Fedhas.
  4754 | D:5      | Reached XP level 8. HP: 59/70 MP: 8/8
  5047 | D:5      | Found a burning altar of Makhleb.
  5216 | D:5      | Reached ** piety under Okawaru
  5217 | D:5      | Reached skill level 8 in Axes
  5560 | D:6      | Found a shimmering altar of Xom.
  5648 | D:6      | Found a basalt altar of Yredelemnul.
  6132 | D:6      | HP: 3/71 [killer bee (8)]
  6132 | D:6      | Reached *** piety under Okawaru
  6356 | D:7      | Reached XP level 9. HP: 78/78 MP: 10/10
  6362 | D:7      | Reached skill level 9 in Axes
  6542 | D:7      | Noticed a vault sentinel
  6542 | D:7      | Noticed a vault sentinel
  6610 | D:7      | Killed a vault sentinel
  6631 | D:7      | Killed a vault sentinel
  6632 | D:7      | Reached skill level 10 in Axes
  6826 | D:7      | Identified the +4 leather armour of Naapaonk {rElec rF+++
                  | rN+ Str-4}
  6922 | D:7      | Found the +18 shield of the Gong {Loud rN+ Will+ rCorr
                  | EV-5}
  7064 | D:7      | Found an ornate altar of the Wu Jian Council.
  7398 | D:8      | Noticed Maurice
  7413 | D:7      | Killed Maurice
  7413 | D:7      | Reached **** piety under Okawaru
  7432 | D:7      | Reached skill level 5 in Invocations
  7432 | D:7      | Reached XP level 10. HP: 88/88 MP: 12/12
  7622 | D:8      | Noticed Psyche
  7629 | D:7      | Reached skill level 11 in Axes
  7659 | D:7      | Reached ***** piety under Okawaru
  7668 | D:7      | Killed Psyche
  7905 | D:8      | Noticed Joseph
  7912 | D:7      | Killed Joseph
  8076 | D:8      | Found a staircase to the Lair.
  8368 | D:9      | Reached skill level 12 in Axes
  8455 | D:9      | Received a gift from Okawaru
  8534 | D:9      | Noticed Maggie
  8547 | D:9      | Killed Maggie
  8548 | D:9      | Reached XP level 11. HP: 84/97 MP: 14/14
  8649 | D:9      | Found an ancient bone altar of Kikubaaqudgha.
  8822 | D:9      | Noticed Erica
  8827 | D:9      | Noticed a two-headed ogre
  8831 | D:9      | Killed Erica
  8836 | D:9      | Killed a two-headed ogre
  8965 | D:9      | Noticed a two-headed ogre
  8971 | D:9      | Killed a two-headed ogre
  9036 | D:9      | Found a shadowy altar of Dithmenos.
  9130 | D:9      | Noticed Harold
  9160 | D:9      | Killed Harold
  9246 | D:10     | Entered Level 10 of the Dungeon
  9246 | D:10     | Found a staircase to the Orcish Mines.
  9257 | D:9      | Reached skill level 13 in Axes
  9270 | D:10     | Found Pykhle's Armour Boutique.
  9349 | D:10     | Found a flagged portal.
  9363 | Bailey   | Entered a bailey
  9809 | D:10     | Reached skill level 10 in Shields
  9823 | D:10     | Reached skill level 10 in Armour
  9856 | D:10     | Found a sparkling altar of Nemelex Xobeh.
  9895 | D:10     | Reached skill level 10 in Fighting
 10435 | D:11     | Noticed a two-headed ogre
 10439 | D:11     | Reached ****** piety under Okawaru
 10445 | D:11     | Killed a two-headed ogre
 10525 | D:11     | Noticed a two-headed ogre
 10531 | D:11     | Killed a two-headed ogre
 10532 | D:11     | Reached skill level 14 in Axes
 10532 | D:11     | Reached XP level 12. HP: 101/107 MP: 16/16
 10824 | D:11     | Identified the +0 broad axe of a volcano {freeze, Will+}
                  | (Okawaru gifted it to you on level 11 of the Dungeon)
 10824 | D:11     | Received a gift from Okawaru
 10904 | D:11     | Found Gytwiwn's Weapon Shoppe.
 11092 | Lair:1   | Entered Level 1 of the Lair of Beasts
 11487 | Lair:1   | Identified the +2 leather armour "Kyon" {Will+ Int+3 Dex+2}
 11800 | Lair:2   | Received a gift from Okawaru
 11830 | Lair:2   | Reached skill level 15 in Axes
 11857 | Lair:2   | Noticed Urug
 11873 | Lair:2   | Identified the +5 scale mail of the Fifty Brambles {Str+2}
                  | (Okawaru gifted it to you on level 2 of the Lair of Beasts)
 11873 | Lair:2   | Received a gift from Okawaru
 11890 | Lair:2   | Killed Urug
 12872 | Lair:3   | Reached XP level 13. HP: 85/116 MP: 18/18
 13517 | Lair:3   | Found a hole to the Spider Nest.
 13740 | Lair:3   | Found a staircase to the Shoals.
 14074 | Lair:3   | Reached skill level 16 in Axes
 14097 | Lair:3   | Received a gift from Okawaru
 14926 | Lair:4   | Found a staircase to the Slime Pits.
 15663 | Lair:5   | Entered Level 5 of the Lair of Beasts
 15842 | Lair:4   | Received a gift from Okawaru
 16269 | Lair:5   | Reached skill level 17 in Axes
 16784 | Lair:5   | Received a gift from Okawaru
 16795 | Lair:5   | Reached XP level 14. HP: 124/127 MP: 20/20
 16857 | Lair:5   | Reached skill level 10 in Invocations
 17083 | Lair:5   | Identified the +2 hand axe "Litaju" {spect, Will+ SInv}
                  | (Okawaru gifted it to you on level 5 of the Lair of Beasts)
 17083 | Lair:5   | Received a gift from Okawaru
 18206 | Lair:5   | Identified a scroll of acquirement
 18206 | Lair:5   | Acquired 595 gold pieces
 18696 | D:12     | Found Kiuj's Book Shoppe.
 18701 | D:12     | Noticed Jorgrun
 18721 | D:12     | Killed Jorgrun
 18721 | D:12     | Received a gift from Okawaru
 18734 | D:12     | Reached skill level 18 in Axes
 19906 | D:13     | Found a gate to the Vaults.
 19946 | D:13     | Noticed a frost giant
 19946 | D:13     | Noticed a tengu reaver
 19947 | D:13     | Found a runed translucent door.
 19947 | D:13     | Noticed a sphinx
 20122 | D:13     | You fall into a shaft and drop 1 floor!
 20141 | D:14     | Found an ancient bone altar of Kikubaaqudgha.
 20183 | D:14     | Received a gift from Okawaru
 20518 | D:14     | Reached XP level 15. HP: 102/137 MP: 22/22
 20819 | D:14     | Got the Precepts of the Welkin and Ensorcelling
 20873 | D:13     | Identified the +1 chain mail "Ukhiowk" {+Blink rC+++ Str+2
                  | Dex-5} (Okawaru gifted it to you on level 13 of the
                  | Dungeon)
 20873 | D:13     | Received a gift from Okawaru
 21172 | D:13     | Found a snail-covered altar of Cheibriados.
 21187 | D:13     | Found a broken altar of Ashenzari.
 21187 | D:13     | Found a sparkling altar of Nemelex Xobeh.
 21187 | D:13     | Found a sacrificial altar of Ru.
 21441 | D:13     | Got Kyexem's Lectures on Gusty Blows
 21826 | D:14     | Identified the +4 dagger of Emusaaj {vamp, rPois rF- Int+2}
 22001 | D:15     | Entered Level 15 of the Dungeon
 22312 | D:15     | Noticed Nessos
 22790 | D:15     | Killed Nessos
 22796 | D:14     | Reached skill level 15 in Armour
 22964 | D:15     | Received a gift from Okawaru
 22969 | D:15     | Reached skill level 15 in Shields
 22978 | D:15     | Paralysed by a floating eye for 4 turns
 22987 | D:14     | Reached skill level 15 in Fighting
 23186 | D:15     | Paralysed by a floating eye for 2 turns
 23949 | D:15     | Found a staircase to the Depths.
 24028 | D:15     | Identified the +6 shortbow of Noon {freeze, rElec Dex+5
                  | Stlth-} (Okawaru gifted it to you on level 15 of the
                  | Dungeon)
 24028 | D:15     | Received a gift from Okawaru
 24272 | D:15     | Found a portal to a secret trove of treasure.
 24513 | D:15     | Found the +12 glaive of Prune {freeze, Prune}
 24868 | Orc:1    | Entered Level 1 of the Orcish Mines
 25119 | Orc:2    | Entered Level 2 of the Orcish Mines
 25327 | Orc:2    | Found a staircase to the Elven Halls.
 25360 | Orc:2    | Reached XP level 16. HP: 149/151 MP: 24/24
 25865 | Orc:2    | Found a shimmering blue altar of Sif Muna.
 26601 | Orc:2    | Found Mumn's Distillery.
 26655 | Orc:2    | Found an ancient bone altar of Kikubaaqudgha.
 26905 | Orc:2    | Found a radiant altar of Vehumet.
 26922 | Orc:2    | Found Enaobb's Antique Weapon Shop.
 26955 | Orc:2    | Found Wurchaaj's Book Shop.
 26961 | Orc:2    | Found Doigucu's Antique Armour Boutique.
 26973 | Orc:2    | Bought a runed hat for 196 gold pieces
 26973 | Orc:2    | Bought a pair of runed boots for 210 gold pieces
 27811 | Spider:1 | Entered Level 1 of the Spider Nest
 27864 | Spider:1 | Noticed Nikola
 27865 | Arena    | Entered the Arena
 27871 | Arena    | Killed Nikola
 28162 | Spider:1 | Acquired a manual of Armour
 28164 | Spider:1 | Acquired 937 gold pieces
 28372 | Spider:1 | Identified the +2 tower shield "Gecuff" {rElec rF- rN+
                  | rCorr} (Okawaru gifted it to you on level 1 of the Spider
                  | Nest)
 28372 | Spider:1 | Received a gift from Okawaru
 28651 | Spider:2 | Noticed Arachne
 29241 | Spider:2 | HP: 7/142 [pharaoh ant (32)]
 29241 | Spider:2 | Slain by a redback

Illustrated notes

Levels and vault maps discovered:
D:1:      evilmike_arrival_hilbert_curve, layout_loops_ring
D:2:      layout_loops_ring, shapermc_ecumenical_altar_acropolis,
          roderic_lattice_a, lightli_corner_chamber, uniq_crazy_yiuf_cottage
D:3:      layout_basic, minmay_ruptured, uniq_robin
D:4:      layout_cave_pools, nicolae_overflow_crystal_walls,
          minmay_temple_entry_butterflies
D:5:      layout_layer_cave, overflow_temple_1_default, makhleb_grotto_becter,
          lexackson_kobold_supper, uniq_sigmund
D:6:      layout_basic, lemuel_doored_altar, amcnicky_altar_gilded,
          serial_corexii_hall, corexii_hall_statues_i, chequers_hall_statues_y,
          amcnicky_mini_corridor_feature, lemuel_flame_loot_1
D:7:      layout_loops_cross, lemuel_round_altar, hellmonk_guarded_unrand_gong
D:8:      layout_rooms, hellmonk_lair_entry_icy, minmay_misc_feat_diagonals,
          uniq_psyche, uniq_maurice, uniq_joseph
D:9:      layout_loops_corners, mainiacjoe_overflow_surrounded_room,
          tgw_kikubaaqudgha, uniq_erica, uniq_maggie, uniq_harold
D:10:     layout_loops_ring, nemelex_diamond_rough_becter, orc_david_3,
          enter_bailey_2, pond
D:11:     layout_small_grid, serial_shops, shop
D:12:     layout_loops_corners, serial_shops, shop, uniq_jorgrun
D:13:     minmay_the_grid_octo_tiled_squarecenter [minmay_the_grid_octo_77,
          minmay_the_grid_octo_shrine, minmay_the_grid_octo_clover_2,
          minmay_the_grid_octo_tetromino_candy,
          minmay_the_grid_square_5x5_megaprize_checkered,
          minmay_the_grid_square_5x5_shrine2,
          minmay_the_grid_square_5x5_minimal, minmay_the_grid_square_5x5_comb,
          minmay_the_grid_square_5x5_broken_cross], layout_basic, erik_vaults_1,
          kennysheep_treasure_room
D:14:     layout_big_octagon, kiku_gazebo_garden_becter
D:15:     gammafunk_depths_entry_grave, layout_long_grid,
          nicolae_trove_entry_path_of_doom, portal_ice_cave_entry_pillars_2,
          minivault_14, minmay_guarded_unrand_prune, uniq_nessos
Temple:   oiseaux_autumnal_temple
Lair:1:   layout_big_grid
Lair:2:   layout_long_grid, grunt_megastairs_1, lemuel_fruit_fields, uniq_urug
Lair:3:   layout_regular_city, nicolae_shoals_entry_flooding, dummy_spider_entry
Lair:4:   layout_regular_city, nicolae_slime_entry_field_trip, serial_forest,
          infiniplex_forest_lined_corner, infiniplex_forest_end_2,
          infiniplex_forest_lined_1, infiniplex_forest_end_3,
          infiniplex_forest_lined_corner, infiniplex_forest_clump_large,
          ice2_lemuel, serial_bayou_shore_b, serial_bayou_shore_a
Lair:5:   hangedman_lair_in_review, layout_long_grid
Spider:1: layout_spider_delve, uniq_nikola
Spider:2: layout_spider_delve, uniq_arachne
Orc:1:    layout_caves
Orc:2:    kennysheep_orc_mage_school, layout_diamond_mine, basic_altar,
          led_sif_book

Skill      XL: |  1  2  3  4  5  6  7  8  9 10 11 12 13 14 15 16 |
---------------+-------------------------------------------------+-----
Axes           | 3 4 5 6 7 8 10 12 14 15 17 18 | 18.0
Shields        | 4 5 6 8 9 10 11 12 14 15 | 15.3
Fighting       | 4 5 6 7 9 10 11 12 13 15 16 | 16.5
Armour         | 4 5 6 7 9 10 11 12 14 16 | 16.4
Invocations    | 1 2 3 5 6 7 8 9 11 12 | 12.7
Stealth        | |  0.2

Action                     |  1- 3 |  4- 6 |  7- 9 | 10-12 | 13-15 | 16-18 || total
---------------------------+-------+-------+-------+-------+-------+-------++-------
  Melee: War axe           |    99 |    81 |   116 |   452 |  1015 |       ||  1763
         Headbutt          |    14 |    16 |    18 |    92 |   290 |    37 ||   467
         Unarmed           |       |       |       |    11 |       |       ||    11
         Broad axe         |       |       |       |       |       |   171 ||   171
   Fire: Hand crossbow     |       |       |       |       |       |    37 ||    37
 Invoke: Heroism           |       |       |     2 |     3 |     4 |     1 ||    10
         Finesse           |       |       |       |     1 |     4 |     1 ||     6
         Duel              |       |       |       |       |       |     1 ||     1
  Evoke: Wand              |     1 |       |       |     4 |     5 |       ||    10
    Use: Scroll            |       |    11 |     4 |     9 |     9 |     2 ||    35
         Potion            |       |       |       |     1 |     5 |     2 ||     8
   Stab: Distracted        |       |     1 |       |       |     1 |       ||     2
 Armour: Scale mail        |    22 |       |       |       |       |       ||    22
         Chain mail        |    10 |    31 |    34 |    21 |       |       ||    96
         Plate armour      |       |       |       |    63 |   248 |    22 ||   333
         Skin              |       |       |       |     1 |       |       ||     1
         Ring mail         |       |       |       |       |       |    33 ||    33
  Dodge: Dodged            |    39 |    20 |    32 |    10 |    28 |    11 ||   140
  Block: Buckler           |    51 |    49 |    56 |       |       |       ||   156
         Reflection        |       |     3 |     8 |    23 |    55 |    12 ||   101
         Kite shield       |       |       |    12 |   527 |  1199 |   255 ||  1993
